AoeStats
← APPELFX

Arabia

510144204Analyzed
1v1 RM · 2d ago on Sep 29, 2026· 15m 23s· 2 players
Game mode
Random Map
Map size
Tiny (2 player)
Population
200
Speed
Normal
Resources
Standard
Victory
Conquest
Starting age
Dark Age
Ending age
Imperial Age
RankedLock teamsTeams togetherTeam positionsShared explorationLock speedFull tech treeHidden civsTurbo modeCheats
Victory
Defeat
🇨🇱 Celts · Chile
1017
+15
🇦🇷 Turks · Argentina
989
-15
APPELFX
5:47 Loom
9:30 Feudal Age
10:49 Wheelbarrow
10:00 Double-Bit Axe
9:58 Horse Collar
10:16 Town Watch
CUZMAR91
10:20 Feudal Age
8:35 Loom
11:31 Man-at-Arms
14:26 Arson
Connection lost

Rejoining the realm…

Still unreachable

The connection could not be restored.

Session expired

The server has moved on; the page needs a fresh start.